 Dungeon Crawl Stone Soup version 0.29.1-2-gbd0b4ee654 (webtiles) character file.

Game seed: 16199213561888569569

165 MisterFreud the Twirler (level 5, -1/38 HPs)
             Began as a Formicid Gladiator on Nov 1, 2022.
             Slain by a gnoll
             ... wielding a +0 spear
              (4 damage)
             ... on level 5 of the Dungeon.
             The game lasted 00:02:35 (3106 turns).

MisterFreud the Twirler (Formicid Gladiator)        Turns: 3106, Time: 00:02:36

Health: -1/38      AC:  3    Str: 19    XL:     5   Next: 75%
Magic:  5/5        EV: 12    Int:  7    God:
Gold:   187        SH:  0    Dex: 17    Spells: 4/4 levels left

rFire   . . .      SeeInvis +   a - +0 quarterstaff
rCold   . . .      Faith    .   (no shield)
rNeg    . . .      Spirit   .   b - +0 leather armour
rPois   .          Reflect  .   (helmet unavailable)
rElec   .          Harm     .   (no cloak)
rCorr   .          Rampage  .   (no gloves)
Will    .....                   (no boots)
Stlth   +.........              (no amulet)
HPRegen 0.12/turn               (no ring)
MPRegen 0.09/turn               (no ring)

@: lethally poisoned (-1 -> -7)
A: permanent stasis, dig shafts and tunnels, antennae 3, four strong arms
a: Dig, Shaft Self


You were on level 5 of the Dungeon.
You visited 2 branches of the dungeon, and saw 6 of its levels.

You collected 187 gold pieces.

Inventory:

Hand Weapons
 a - a +0 quarterstaff (weapon)
Missiles
 c - 3 throwing nets (quivered)
 d - a javelin
 h - 13 poisoned darts
 m - 9 curare-tipped darts
 n - a boomerang
Armour
 b - a +0 leather armour (worn)
Wands
 l - a wand of acid (3)
 o - a wand of iceblast (10)
Scrolls
 e - a scroll of poison
Potions
 f - 2 potions of mutation {unknown}
 g - a potion of attraction {unknown}
 i - a potion of brilliance {unknown}
 j - 2 potions of degeneration {unknown}
 k - a potion of heal wounds {unknown}
 q - a potion of invisibility {unknown}


   Skills:
 + Level 2.2 Fighting
 - Level 6.0 Staves
 - Level 2.0 Throwing
 + Level 2.7 Dodging


You had 4 spell levels left.
You didn't know any spells.
Your spell library contained the following spells:

 Spells                   Type           Power      Damage    Failure   Level
 Slow                     Hex            0%         N/A       50%         1
 Static Discharge         Conj/Air       0%         3-3/arc   63%         2
 Confusing Touch          Hex            0%         N/A       86%         3
 Inner Flame              Hex/Fire       0%         N/A       86%         3
 Vampiric Draining        Necr           0%         2d6       86%         3
 Cause Fear               Hex            0%         N/A       99%         4
 Lightning Bolt           Conj/Air       0%         1d11      100%        5
 Discord                  Hex            0%         N/A       100%        8
 Maxwell's Capacitive Co  Air            0%         ∞         100%        8


Dungeon Overview and Level Annotations

Branches:
Dungeon (5/15)             Temple (1/1) D:5

Altars:
Ashenzari
Cheibriados
Dithmenos
Elyvilon
Fedhas
Gozag
Hepliaklqana
Kikubaaqudgha
Nemelex Xobeh
Ru
Vehumet
Wu Jian
Xom
Zin
The Shining One

Annotations:
D:4 Dowan, Duvessa


Innate Abilities, Weirdness & Mutations

You cannot be hasted, slowed, berserked, paralysed or teleported.
You can dig through walls and to a lower floor.
You have a pair of large antennae on your head. (SInv)
Your four strong arms can wield two-handed weapons with a shield.


Message History

Found a scroll labelled XUN MI QORENUO.
The gnoll shouts!
The gnoll misses you. The gnoll barely misses you.
You hit the gnoll.
The gnoll is moderately wounded.
The gnoll hits you from afar with a +0 spear.
The gnoll misses you. The gnoll barely misses you.
You barely miss the gnoll.
The gnoll is moderately wounded.
The adder closely misses you.
The gnoll hits you from afar with a +0 spear.
The gnoll closely misses you. The gnoll hits you with a +0 flail!
The gnoll barely misses you.
You hit the gnoll.
The gnoll is heavily wounded.
The adder barely misses you. The gnoll barely misses you.
The gnoll closely misses you. x3
You hit the gnoll.
The gnoll is severely wounded.
The adder bites you.
You are poisoned.
The adder poisons you!
The gnoll hits you from afar with a +0 spear.
The gnoll closely misses you. The gnoll barely misses you. x2
Are you sure you want to shaft yourself?
You feel sick. The adder barely misses you. The adder bites you.
You are more poisoned.
The adder poisons you!
The gnoll hits you from afar with a +0 spear.
* * * LOW HITPOINT WARNING * * *
The gnoll closely misses you. The gnoll hits you with a +0 flail.
* * * LOW HITPOINT WARNING * * *
The gnoll hits you but does no damage.
You begin to dig a shaft.
You continue digging a shaft.
* * * LOW HITPOINT WARNING * * *
You feel sick. The adder bites you but does no damage.
The gnoll closely misses you. x2
The gnoll hits you from afar with a +0 spear.
You die...

####.....
#......................#
......................?#
......... .............#
.8........ #...........#
.>.........#............
.8.........#......g.....
................gS......
................@g......
.................g......
÷..............#######..
.....####............#..
.....# #............#..
.....####...............
.......##...............
.......##...............
.......##.....##........


You could see 4 gnolls and an adder.

Vanquished Creatures
  2 hounds (D:5)
  4 adders
  A worm (D:2)
  2 dart slugs (D:1)
  4 orcs
  8 bats
  6 endoplasms
  3 giant cockroaches
  5 hobgoblins
  5 jackals
  2 quokkas
  5 ball pythons (D:2)
  2 frilled lizards (D:1)
  A goblin (D:3)
  6 kobolds
  6 rats
62 creatures vanquished.

Notes
Turn   | Place    | Note
-------+----------+-------------------------------------------
     0 | D:1      | MisterFreud the Formicid Gladiator began the quest for the
                  | Orb.
     0 | D:1      | Reached XP level 1. HP: 16/16 MP: 1/1
   201 | D:1      | Reached XP level 2. HP: 22/22 MP: 2/2
   550 | D:1      | Reached skill level 4 in Staves
   550 | D:1      | Reached XP level 3. HP: 27/27 MP: 3/3
  1300 | D:2      | Reached XP level 4. HP: 31/33 MP: 4/4
  1638 | D:2      | Reached skill level 5 in Staves
  1812 | D:3      | Found a faded altar of an unknown god.
  1908 | D:3      | Found a sacrificial altar of Ru.
  2242 | D:3      | Found a shadowy altar of Dithmenos.
  2254 | D:3      | Noticed a wight
  2267 | D:4      | Noticed Duvessa
  2267 | D:4      | Noticed Dowan
  2282 | D:3      | You fall into a shaft and drop 2 floors!
  2282 | D:5      | Entered Level 5 of the Dungeon
  2445 | D:5      | Reached XP level 5. HP: 20/37 MP: 5/5
  2590 | D:5      | Found a staircase to the Ecumenical Temple.
  2611 | Temple   | Entered the Ecumenical Temple
  3022 | D:5      | Reached skill level 6 in Staves
  3106 | D:5      | Slain by a gnoll

Illustrated notes

Levels and vault maps discovered:
D:1:      eino_arrival_cavern_d, layout_basic, minmay_ruptured
D:2:      layout_loops_ring
D:3:      layout_loops_ring, general_overflow_altar,
          lemuel_zombie_altar_yredelemnul, nicolae_overflow_hidden_temple,
          mainiacjoe_overflow_concentric_impassable, mainiacjoe_overflow_swirl,
          shapermc_ecumenical_altar_starsandcircs, solitary_fountain,
          minmay_pentangle, uniq_terence
D:4:      layout_cave_pools, serial_shops, shop, minmay_lizard_king,
          uniq_duvessa
D:5:      layout_basic, temple_statues, kennysheep_generic_room_5
Temple:   compressed_dpeg_triangle_lava_temple

Skill      XL: |  1  2  3  4  5 |
---------------+----------------+-----
Staves         | 4 5 6 |  6.0
Fighting       | |  2.2
Throwing       | |  2.0
Dodging        | |  2.7

Action                   |  1- 3 |  4- 6 || total
-------------------------+-------+-------++-------
Melee: Quarterstaff      |    89 |    82 ||   171
       Punch             |       |     1 ||     1
 Abil: Shaft Self        |       |     2 ||     2
  Use: Scroll            |     3 |     2 ||     5
 Stab: Sleeping          |     2 |       ||     2
Armor: Leather armour    |    32 |    19 ||    51
Dodge: Dodged            |    86 |    69 ||   155
